 Dungeon Crawl Stone Soup version bcrawl-1.15.1 (webtiles) character file.

Game seed: 6777631020580024454

5396 Kairok the Covert (level 10, -8/59 HPs)
             Began as a Twilight Stalker Rogue on Sept 25, 2019.
             Was a High Priest of Okawaru.
             Killed from afar by an ogre mage (22 damage)
             ... with a bolt of lightning
             ... on level 8 of the Dungeon.
             The game lasted 00:18:28 (6955 turns).

Kairok the Covert (Twilight Stalker Rogue)          Turns: 6955, Time: 00:18:28

Health: -8/59      AC: 18    Str: 14    XL:     10   Next: 66%
Magic:  11/13      EV: 19    Int: 11    God:    Okawaru [*****.]
Gold:   148        SH:  0    Dex: 19    Spells: 9/9 levels left

rFire    . . .     SeeInvis .   A - +1 dagger (elec)
rCold    + . .     Gourm    .   (no shield)
rNeg     . . .     Faith    .   n - +3 swamp dragon scales
rPois    +         Spirit   .   d - +0 helmet
rElec    .         Reflect  .   o - +2 cloak
rCorr    .         Harm     .   (no gloves)
MR       ++...                  (no boots)
Stlth    ++++++++..             (no amulet)
HPRegen  0.59/turn              i - ring of protection from cold
MPRegen  0.13/turn              B - ring of protection from magic

@: heroism
A: fangs 3, nightstalker 1, regeneration 1, no potion heal 3, rot immunity,
draining bite, strong jaws, assimilated armour
a: Heroism, Finesse, Renounce Religion


You were on level 8 of the Dungeon.
You worshipped Okawaru.
Okawaru was extremely pleased with you.
You were not hungry.

You visited 2 branches of the dungeon, and saw 9 of its levels.

You collected 473 gold pieces.
You spent 325 gold pieces at shops.

Inventory:

Hand Weapons
 a - a +2 dagger
 b - a +0 blowgun
 s - the cursed +2 rapier "Rousywel" {pain, *Slow rElec rF+}
   (You took it off an orc on level 4 of the Dungeon)

   In the hands of one skilled in necromantic magic, it inflicts extra damage on
   living creatures.
   It protects you from fire.
   It insulates you from electricity.
   It may slow you when you take damage.
   It has a curse placed upon it.
 A - a +1 dagger of electrocution (weapon)
Missiles
 e - 709 poisoned needles
 m - 37 curare-tipped needles
Armour
 d - a +0 helmet (worn)
 n - +3 swamp dragon scales (worn)
 o - a +2 cloak (worn)
Magical Staves
 q - an uncursed staff of power {unknown}
Jewellery
 i - a ring of protection from cold (left hand)
 r - an uncursed ring of positive energy
 B - a ring of protection from magic (right hand)
 G - an uncursed ring of see invisible
Wands
 f - a wand of flame (5)
 g - a wand of enslavement (22)
 z - a wand of polymorph (10)
Scrolls
 k - 4 scrolls of teleportation
 w - a scroll of identify
 y - a scroll of magic mapping
 C - a scroll of remove curse
 D - a scroll of fog
 E - 2 scrolls of torment
 F - a scroll of silence {unknown}
Potions
 c - a potion of berserk rage {unknown}
 j - 5 potions of degeneration
 l - a potion of agility
 p - a potion of might
 t - 6 potions of curing
 u - 3 potions of flight
 v - a potion of brilliance
 x - 2 potions of cancellation
 H - a potion of mutation {unknown}
Comestibles
 h - 16 rations {!d}


   Skills:
 + Level 5.0(10.0) Fighting
 + Level 7.3(12.3) Short Blades
 + Level 5.6(10.6) Armour
 + Level 5.7(10.7) Dodging
 + Level 12.4(17.4) Stealth
 + Level 0.4 Invocations
 + Level 3.0 Evocations


You had 9 spell levels left.
You didn't know any spells.
Your spell library was empty.

Dungeon Overview and Level Annotations

Branches:
Dungeon (8/12)             Temple (1/1) D:4            Lair (0/6) D:7
    Orc: D:8-11

Altars:
Ashenzari
Cheibriados
Dithmenos
Elyvilon
Fedhas
Gozag
Kikubaaqudgha
Lugonu
Nemelex Xobeh
Okawaru
Qazlal
Ru
Sif Muna
Trog
Uskayaw
Vehumet
Wu Jian
Xom
Yredelemnul

Shops:
D:5 ?   D:8 [*


Innate Abilities, Weirdness & Mutations

You have razor-sharp teeth.
You are slightly more attuned to the shadows.
Your natural rate of healing is unusually fast.
Potions cannot restore your health.
You are immune to rotting.
Your bite drains your enemy's life force.
Your bites deal extra damage.
Your stealth is less affected by armour.


Message History

The ogre mage is severely wounded.
The ogre mage hits you but does no damage.
You hit the ogre mage.
The ogre mage is severely wounded.
The ogre mage hits you with a +0 whip.
You hit the ogre mage but do no damage.
You bite the ogre mage, but do no damage.
The ogre mage is severely wounded.
The ogre mage casts a spell at you. The bolt of lightning hits you!
Ouch! That really hurt!
* * * LOW HITPOINT WARNING * * *
You hear a shout!
You hear two shouts! x2
You are too injured to fight recklessly!
You are too injured to fight recklessly!
You gain the combat prowess of a mighty hero.
You hear two shouts!
The ogre mage points at you and mumbles some strange words.
The bolt of lightning hits you!
You die...

...........).....#...............
......<..........#...............
..##.###..###'##.###...###.######
.∩##.###..###.##.###...###.###..?
......#.......#....#...O.'.......
......#.......+....'.O...#.......
......#...##..##..##..####.###...
.[....#...##..##)O##..####)###...
.....#....+.....@..+...#...#.....
######....##.......#...#...#.....
#....##..######.########....
#....##..## #.# ######
#.........# ... ......
#.....<...+ ...... ##.####..## .
#####+ ####..##.. .##.....
#.......... ........


You could see an ogre mage.

Vanquished Creatures
  2 two-headed ogres (D:8)
  Joseph (D:7)
  A troll (D:8)
  A hornet (D:8)
  An orc warrior (D:6)
  A human (D:7)
  4 hogs (D:7)
  An ice beast (D:8)
  A black bear (D:6)
  2 phantoms
  A centaur (D:5)
  2 ogres
  2 big kobolds (D:8)
  A bullfrog (D:4)
  A gnoll sergeant (D:6)
  A water moccasin skeleton (D:6)
  A scorpion (D:7)
  2 howler monkeys (D:7)
  3 bullfrog zombies
  2 crimson imps
  3 hounds
  A jelly (D:5)
  A centaur skeleton (D:6)
  3 orc priests
  Crazy Yiuf (D:4)
  2 gnoll shamans (D:6)
  4 orc wizards
  2 iguanas
  Ijyb (D:3)
  4 worker ants
  A hound zombie (D:5)
  47 gnolls
  10 adders
  A howler monkey skeleton (D:5)
  A shadow imp (D:6)
  2 oozes
  An adder zombie (D:5)
  An adder skeleton (D:6)
  3 worms
  A dart slug (D:5)
  A leopard gecko (D:4)
  13 orcs
  2 bats (D:1)
  2 goblins
  7 hobgoblins
  15 jackals
  6 quokkas
  2 frilled lizards
  A jackal skeleton (D:4)
  16 kobolds
  A leopard gecko zombie (D:5)
  3 rats
190 creatures vanquished.

Vanquished Creatures (collateral kills)
  2 orc wizards (D:6)
  An orc priest (D:6)
  An orc (D:6)
  A jackal (D:6)
5 creatures vanquished.

Vanquished Creatures (others)
  2 gnolls (D:3)
  An adder (D:3)
3 creatures vanquished.

Grand Total: 198 creatures vanquished

Notes
Turn   | Place    | Note
-------+----------+-------------------------------------------
     0 | D:1      | Kairok the Vine Stalker Rogue began the quest for the Orb.
     0 | D:1      | Reached XP level 1. HP: 12/12 MP: 3/3
   199 | D:1      | Reached skill level 6 in Stealth
   740 | D:1      | Reached XP level 2. HP: 17/17 MP: 4/4
  1271 | D:2      | Found a snail-covered altar of Cheibriados.
  1292 | D:2      | Found a sparkling altar of Nemelex Xobeh.
  1895 | D:3      | Noticed Ijyb
  1914 | D:3      | Reached XP level 3. HP: 21/21 MP: 5/5
  1928 | D:3      | Found a sacrificial altar of Ru.
  1977 | D:3      | Reached skill level 7 in Stealth
  2059 | D:3      | Reached XP level 4. HP: 26/26 MP: 6/6
  2468 | D:3      | Killed Ijyb
  2591 | D:3      | Reached skill level 1 in Armour
  2704 | D:4      | Reached skill level 1 in Dodging
  2704 | D:4      | Reached XP level 5. HP: 28/30 MP: 7/7
  2720 | D:4      | Found an ancient bone altar of Kikubaaqudgha.
  2776 | D:4      | Reached skill level 8 in Stealth
  2807 | D:4      | Noticed a bullfrog
  2813 | D:4      | Killed a bullfrog
  2813 | D:4      | Gained mutation: You have razor-sharp teeth. [Vine Stalker
                  | growth]
  2813 | D:4      | Reached XP level 6. HP: 36/36 MP: 8/8
  2882 | D:4      | Found an opulent altar of Gozag.
  2952 | D:4      | Found a staircase to the Ecumenical Temple.
  2981 | Temple   | Entered the Ecumenical Temple
  2990 | Temple   | Became a worshipper of Warmaster Okawaru
  3137 | D:4      | Noticed a phantom
  3154 | D:4      | Killed a phantom
  3154 | D:4      | Reached skill level 9 in Stealth
  3154 | D:4      | Reached XP level 7. HP: 32/40 MP: 9/9
  3224 | D:4      | Identified the cursed +2 rapier "Rousywel" {pain, *Slow
                  | rElec rF+}
  3247 | D:4      | Found a runed door.
  3551 | D:4      | Noticed Crazy Yiuf
  3554 | D:4      | Killed Crazy Yiuf
  3599 | D:5      | Entered Level 5 of the Dungeon
  3733 | D:5      | Found Zimaolanul's Magic Scroll Shoppe.
  3736 | D:5      | Reached * piety under Okawaru
  3742 | D:5      | Bought a scroll of identify for 20 gold pieces
  3755 | D:5      | Bought a scroll of enchant armour for 75 gold pieces
  3755 | D:5      | Bought a scroll of enchant armour for 75 gold pieces
  3755 | D:5      | Bought a scroll of teleportation for 30 gold pieces
  3810 | D:5      | Gained mutation: Your bite drains your enemy's life force.
                  | [Twilight Stalker growth]
  3810 | D:5      | Gained mutation: Your stealth is less affected by armour.
                  | [Twilight Stalker growth]
  3810 | D:5      | Gained mutation: You are slightly more attuned to the
                  | shadows. [Twilight Stalker growth]
  3810 | D:5      | Reached XP level 8. HP: 41/46 MP: 9/10
  3820 | D:5      | Found a radiant altar of Vehumet.
  4152 | D:5      | Found a bloodstained altar of Trog.
  4883 | D:6      | Reached skill level 10 in Stealth
  4954 | D:6      | Reached ** piety under Okawaru
  5014 | D:6      | Reached skill level 5 in Short Blades
  5249 | D:6      | Reached XP level 9. HP: 39/52 MP: 11/11
  5908 | D:7      | Noticed Joseph
  5942 | D:7      | Reached skill level 11 in Stealth
  6023 | D:7      | Found a shadowy altar of Dithmenos.
  6091 | D:7      | Killed Joseph
  6091 | D:7      | Reached *** piety under Okawaru
  6260 | D:7      | Found a staircase to the Lair.
  6346 | D:7      | Reached **** piety under Okawaru
  6525 | D:6      | Reached XP level 10. HP: 43/58 MP: 9/12
  6572 | D:8      | Reached skill level 5 in Armour
  6572 | D:8      | Reached skill level 12 in Stealth
  6591 | D:8      | Found Facin's Assorted Antiques.
  6596 | D:8      | Bought a granite ring for 125 gold pieces
  6704 | D:8      | Noticed a two-headed ogre
  6705 | D:8      | Noticed a two-headed ogre
  6705 | D:8      | Noticed a two-headed ogre
  6705 | D:8      | Noticed a two-headed ogre
  6728 | D:8      | Killed a two-headed ogre
  6728 | D:8      | Reached ***** piety under Okawaru
  6728 | D:8      | Reached skill level 5 in Dodging
  6732 | D:8      | Noticed an ogre mage
  6823 | D:8      | Found Mymemp's Antique Armour Boutique.
  6948 | D:8      | Killed a two-headed ogre
  6948 | D:8      | Reached skill level 5 in Fighting
  6955 | D:8      | Killed from afar by an ogre mage

Skill      XL: |  1  2  3  4  5  6  7  8  9 10 |
---------------+-------------------------------+-----
Stealth        | 6 7 8 9 10 11 12 | 12.4
Fighting       | 2 3 4 5 |  5.0
Short Blades   | 2 3 4 5 6 7 |  7.3
Armour         | 1 2 3 4 5 |  5.6
Dodging        | 1 2 3 4 5 |  5.7
Evocations     | 2 3 |  3.0
Invocations    | |  0.4

Action                   |  1- 3 |  4- 6 |  7- 9 | 10-12 || total
-------------------------+-------+-------+-------+-------++-------
Melee: Dagger            |    63 |    96 |   360 |    91 ||   610
       Bite              |     3 |    12 |   108 |    31 ||   154
Invok: Heroism           |       |       |     1 |     2 ||     3
Evoke: Wand              |       |     8 |     3 |     1 ||    12
  Use: Potion            |     3 |       |       |       ||     3
       Scroll            |       |     6 |    11 |       ||    17
 Stab: Sleeping          |    13 |     6 |     9 |     2 ||    30
       Distracted        |       |     2 |     7 |       ||     9
  Eat: Ration            |     1 |       |       |       ||     1
       Chunk             |       |     3 |    11 |     2 ||    16
Armor: Ring mail         |     1 |       |       |       ||     1
       Swamp dragon scal |    16 |    25 |   128 |    43 ||   212
Dodge: Dodged            |    22 |    37 |   180 |    61 ||   300
